 Dungeon Crawl Stone Soup version 0.30-a0-715-gdb4ae3ece1 (webtiles) character file.

Game seed: 6239705880174066799

207888 Lobster4 the Brawler (level 18, -1/166 (179) HPs)
             Began as a Troll Monk on Jan 24, 2023.
             Was the Champion of Wu Jian.
             Killed from afar by a deep elf death mage (28 damage)
             ... with a bolt of negative energy
             ... on level 3 of the Elven Halls on Jan 25, 2023.
             The game lasted 02:01:26 (29377 turns).

Lobster4 the Brawler (Troll Monk)                  Turns: 29377, Time: 02:01:26

HP:   -1/166 (179)  AC: 23    Str: 25    XL:     18   Next: 48%
MP:   23/23         EV: 10    Int: 14    God:    Wu Jian [******]
Gold: 3314          SH:  5    Dex: 12    Spells: 21/25 levels left

rFire   + + +      SeeInvis +      - Unarmed
rCold   + . .      Faith    .    (no shield)
rNeg    . . .      Spirit   .    O - +0 shadow dragon scales
rPois   +          Reflect  +    C - +2 hat
rElec   +          Harm     .    K - +2 cloak "Timauss" {rF++ Will+++ Str-3 SInv}
rCorr   .          Rampage  .    (gloves unavailable)
Will    ++++.                    (boots unavailable)
Stlth   +++                      l - amulet of reflection
HPRegen 1.27/turn                n - ring "Wasel" {Drain Fly rPois rF+ rC+ Int+6}
MPRegen 0.18/turn                q - ring "Hiwetefumm" {rElec rF+ Slay+4}

@: flying, studying Dodging, drained
A: large, unfitting armour, claws 3, regeneration 1, shaggy fur 1, tough skin 1,
heat vulnerability 1
a: Renounce Religion, Wall Jump, Serpent's Lash, Heavenly Storm


You were on level 3 of the Elven Halls.
You worshipped Wu Jian.
Wu Jian was exalted by your worship.
You visited 5 branches of the dungeon, and saw 26 of its levels.
You also visited: Trove, Ossuary, Bailey, Gauntlet and Ice Cave.

You collected 4133 gold pieces.
You spent 819 gold pieces at shops.

Inventory:

Hand Weapons
 a - a +0 giant spiked club
 b - a +1 dire flail of protection
 c - a +0 heavy great mace
 i - a +0 sling of draining
Missiles
 f - 60 poisoned darts
 j - 21 large rocks (quivered)
 k - 22 boomerangs
 s - 9 javelins
 A - a silver javelin
 M - 3 throwing nets
 U - a curare-tipped dart
Armour
 C - a +2 hat (worn)
 K - the +2 cloak "Timauss" (worn) {rF++ Will+++ Str-3 SInv}
   (You found it in a Gauntlet)

   Str:       It affects your strength (-3).
   rF:        It greatly protects you from fire.
   SInv:      It lets you see invisible.
   Will:      It greatly increases your willpower.
 O - +0 shadow dragon scales (worn)
 T - a +1 kite shield of reflection
Jewellery
 d - a ring of resist corrosion
 l - an amulet of reflection (around neck)
 n - the ring "Wasel" (left claw) {Drain Fly rPois rF+ rC+ Int+6}
   (You found it in a treasure trove)

   [ring of intelligence]

   Int:       It affects your intelligence (+6).
   rF:        It protects you from fire.
   rC:        It protects you from cold.
   rPois:     It protects you from poison.
   Fly:       It grants you flight.
   Drain:     It drains your maximum health when unequipped.
 q - the ring "Hiwetefumm" (right claw) {rElec rF+ Slay+4}
   (You found it in a treasure trove)

   [ring of slaying]

   Slay:      It affects your accuracy & damage with ranged weapons and melee
   (+4).
   rF:        It protects you from fire.
   rElec:     It insulates you from electricity.
 u - a ring of positive energy
 R - the amulet "Qillanke" {Regen+ Str+5}
   (You found it in a Gauntlet)

   [amulet of regeneration]

   Str:       It affects your strength (+5).
   Regen:     It increases your rate of health regeneration.
Wands
 e - a wand of acid (2)
 h - a wand of flame (74)
 B - a wand of charming (4)
 G - a wand of roots (36)
 J - a wand of mindburst (31)
 N - a wand of digging (7)
Scrolls
 o - 4 scrolls of blinking
 r - 14 scrolls of teleportation
 t - 2 scrolls of magic mapping
 v - 8 scrolls of fear
 w - 5 scrolls of fog
 y - 3 scrolls of butterflies
 F - 8 scrolls of immolation
 H - 3 scrolls of silence
 I - 2 scrolls of poison
 P - a scroll of enchant armour
 Q - 3 scrolls of enchant weapon
Potions
 g - 12 potions of heal wounds
 p - 6 potions of haste
 x - 2 potions of resistance
 z - 16 potions of curing
 D - 7 potions of lignification
 E - 4 potions of ambrosia
 L - a potion of magic
 W - 2 potions of brilliance
 Y - a potion of might
Miscellaneous
 m - a box of beasts
 S - a phial of floods
 V - a phantom mirror


   Skills:
 + Level 11.3 Fighting
 + Level 11.0 Maces & Flails
 - Level 3.0 Throwing
 + Level 10.7 Armour
 + Level 12.4 Dodging
 - Level 1.0 Stealth
 + Level 4.7 Shields
 * Level 19.4 Unarmed Combat
 - Level 4.0 Spellcasting
 - Level 3.0 Conjurations
 + Level 9.0 Earth Magic
 - Level 3.0 Evocations


You had 21 spell levels left.
You knew the following spells:

 Your Spells              Type           Power      Damage    Failure   Level
a - Sandblast             Erth           56%        2d13      2%          1
b - Stone Arrow           Conj/Erth      38%        3d9       24%         3

Your spell library contained the following spells:

 Spells                   Type           Power      Damage    Failure   Level
 Passwall                 Tmut/Erth      12%        N/A       22%         2
 Magic Dart               Conj           44%        1d5       26%         1
 Lee's Rapid Deconstruct  Erth           14%        3d9*      54%         5
 Apportation              Tloc           4%         N/A       67%         1
 Summon Small Mammal      Summ           8%         N/A       67%         1
 Blink                    Tloc           4%         N/A       80%         2
 Call Imp                 Summ           2%         N/A       80%         2
 Cigotuvi's Dreadful Rot  Necr/Pois/Air  4%         N/A       80%         2
 Ensorcelled Hibernation  Hex/Ice        4%         N/A       80%         2
 Lesser Beckoning         Tloc           4%         N/A       80%         2
 Poisonous Vapours        Pois/Air       4%         N/A       80%         2
 Sublimation of Blood     Necr           2%         N/A       80%         2
 Animate Armour           Summ/Erth      30%        N/A       82%         4
 Leda's Liquefaction      Hex/Erth       7%         N/A       82%         4
 Petrify                  Tmut/Erth      15%        N/A       82%         4
 Mephitic Cloud           Conj/Pois/Air  5%         N/A       88%         3
 Call Canine Familiar     Summ           2%         N/A       95%         3
 Summon Guardian Golem    Hex/Summ       2%         N/A       95%         3
 Swiftness                Air            2%         N/A       95%         3
 Borgnjor's Vile Clutch   Necr/Erth      7%         N/A       99%         5
 Animate Dead             Necr           2%         N/A       100%        4
 Dispel Undead            Necr           2%         3d7       100%        4
 Manifold Assault         Tloc           2%         N/A       100%        4
 Olgreb's Toxic Radiance  Pois           2%         N/A       100%        4
 Summon Ice Beast         Ice/Summ       2%         N/A       100%        4
 Alistair's Intoxication  Tmut/Pois      1%         N/A       100%        5
 Irradiate                Conj/Tmut      3%         3d12      100%        5
 Summon Mana Viper        Hex/Summ       2%         N/A       100%        5
 Death Channel            Necr           1%         N/A       100%        6
 Eringya's Noxious Bog    Tmut/Pois      1%         N/A       100%        6
 Iron Shot                Conj/Erth      9%         9d3       100%        6
 Statue Form              Tmut/Erth      10%        N/A       100%        6
 Haunt                    Necr/Summ      1%         N/A       100%        7
 Monstrous Menagerie      Summ           1%         N/A       100%        7
 Storm Form               Tmut/Air       1%         N/A       100%        7
 Infestation              Necr           1%         N/A       100%        8
 Lehudib's Crystal Spear  Conj/Erth      9%         10d4      100%        8
 Dragon's Call            Summ           1%         N/A       100%        9


Dungeon Overview and Level Annotations

Branches:
Dungeon (15/15)            Temple (1/1) D:5            Lair (5/5) D:8
 Shoals (0/4) Lair:2       Spider (0/4) Lair:3        Slime (0/5) Lair:4
    Orc (2/2) D:10            Elf (3/3) Orc:2        Vaults (0/5) D:14
 Depths (0/4) D:15        Ossuary (visited)          Bailey (visited)
  IceCv (visited)         Gauntlet (visited)

Altars:
Ashenzari
Cheibriados
Dithmenos
Elyvilon
Fedhas
Gozag
Hepliaklqana
Kikubaaqudgha
Makhleb
Nemelex Xobeh
Okawaru
Qazlal
Ru
Sif Muna
Trog
Uskayaw
Vehumet
Wu Jian
Xom
Yredelemnul
Zin
The Shining One

Shops:
D:2 [   D:5 [*(?   D:6 ?   D:14 :   Orc:2 =*[(   Elf:2 [(

Annotations:
D:15 1 runed translucent door, Cyetsa's ghost, adept FoFi
Lair:1 1 runed translucent door, NinjaNoafa's ghost, journeyman DjCj
Elf:2 3 runed translucent doors


Innate Abilities, Weirdness & Mutations

You are too large for most types of armour.
You have claws for hands.
Your natural rate of healing is unusually fast.
You are covered in fur. (AC +1)
You have tough skin. (AC +1)
You are vulnerable to heat. (rF-)


Message History

You mangle the deep elf sorcerer!! You claw the deep elf sorcerer!!
The deep elf sorcerer is almost dead.
You hear a shout!
A deep elf annihilator comes into view. It is wielding a +0 long sword.
You block the deep elf annihilator's attack.
The deep elf sorcerer closely misses you.
You claw the deep elf sorcerer!
You kill the deep elf sorcerer!
The Council accepts your kill.
You mangle the deep elf annihilator!!
Your claw misses the deep elf annihilator.
The deep elf annihilator is moderately wounded.
The deep elf annihilator hits you but does no damage.
You mangle the deep elf annihilator!!
The deep elf annihilator is severely wounded.
The deep elf death mage hits you but does no damage.
The deep elf annihilator gestures at you while chanting.
The iron shot hits you!
You mangle the deep elf annihilator!!
You kill the deep elf annihilator!
The Council accepts your kill.
You mangle the deep elf death mage!!
The deep elf death mage is moderately wounded.
The deep elf death mage hits you but does no damage.
The deep elf annihilator casts a spell.
The deep elf annihilator blinks!
You barely miss the deep elf death mage.
The deep elf death mage is moderately wounded.
The deep elf annihilator gestures at you while chanting.
The iron shot hits you!!!
* * * LOW HITPOINT WARNING * * *
The deep elf death mage hits you with a +0 quarterstaff!
* * * LOW HITPOINT WARNING * * *
You scratch the deep elf death mage.
The deep elf death mage is heavily wounded.
You completely miss the deep elf death mage.
The deep elf death mage is heavily wounded.
The deep elf death mage gestures at you while chanting.
The bolt of negative energy hits you!!
You feel drained.
You die...

....................~≈≈~≈≈~~~..##
≈~~~~~≈≈~~≈~~~~~~~~~~≈#####≈≈~..#
≈≈≈~≈~≈≈≈≈≈≈≈≈≈≈≈≈≈≈~##...##≈~..#
######################.....##~~..
...................)'.......#≈~..
...................)'[..[...#≈~..
#############)###'###)......#≈≈..
......#.........#...##.....##~~..
.....[#.....)...@e...##...##≈≈.).
......').)..)...#e....##'##≈≈~...
####.#############.....#..#≈~....
#...# ##....#..#≈≈.... #.#.#
##...'..#≈≈.... #.#.#
#.§.#..#≈~.... #.#.#
#...#..#≈≈.... ###...#
###'#..#≈≈.... ..#...#
#...'..#≈~....


You could see a deep elf annihilator and a deep elf death mage.

Vanquished Creatures
  Rupert (Lair:4)
  2 deep elf blademasters (Elf:3)
  2 deep elf master archers (Elf:3)
  Kirke (D:12)
  An azure jelly (IceCv)
  The ghost of Yritoa the Warrior, a journeyman MiBe of Trog (Elf:1)
  2 deep elf sorcerers (Elf:3)
  3 deep elf elementalists (Elf:3)
  3 orc warlords (Orc:1)
  2 quicksilver oozes (IceCv)
  A stone giant (D:15)
  8 deep elf demonologists
  Nessos (D:12)
  8 deep elf annihilators
  A minotaur (Gauntlet)
  A fire dragon (shapeshifter) (Elf:1)
  3 deep elf death magi (Elf:3)
  2 deep elf high priests (Elf:3)
  Josephine (D:11)
  Fannar (Lair:3)
  Harold (D:11)
  An ice dragon (D:12)
  An ogre mage (D:12)
  5 hydras
  3 catoblepae
  5 centaur warriors
  Erica (D:10)
  6 two-headed ogres
  3 tengu warriors
  3 boulder beetles
  3 death yaks
  13 dancing weapons
  5 orc high priests
  19 deep elf knights
  11 skeletal warriors
  Lodul (D:10)
  16 deep elf archers
  A harpy (shapeshifter) (Gauntlet)
  6 orc knights
  A wizard (D:12)
  36 deep elf zephyrmancers
  A mana viper (shapeshifter) (D:12)
  6 orc sorcerers
  10 ugly things
  37 deep elf pyromancers
  A manticore (shapeshifter) (D:12)
  4 cyclopes
  2 oklob plants
  4 manticores
  2 wolf spiders (Lair:5)
  7 black mambas
  Maurice (D:10)
  20 elephants
  A guardian serpent (Lair:5)
  A guardian serpent (shapeshifter) (D:13)
  A water nymph (Lair:2)
  2 ice statues (IceCv)
  10 cane toads
  6 komodo dragons
  2 kobold demonologists (D:12)
  2 unseen horrors (shapeshifter)
  A yaktaur (D:12)
  2 ice devils (D:13)
  3 trolls
  3 polar bears (Lair:5)
  A tarantella (shapeshifter) (D:8)
  24 blink frogs
  4 hornets
  6 spriggans (Bailey)
  Sigmund (D:5)
  A centaur simulacrum (D:14)
  18 slime creatures
  A shadow (D:11)
  5 air elementals
  A culicivora (shapeshifter) (Gauntlet)
  2 water elementals
  10 wraiths
  52 yaks
  4 basilisks
  2 fire elementals (Elf:2)
  2 hogs (D:12)
  15 wyverns
  5 redbacks
  2 steam dragons
  15 vampire mosquitoes
  A warg (Orc:2)
  18 water moccasins
  2 acid dragons
  36 orc warriors
  Pargi (D:3)
  4 great orb of eyes simulacra (IceCv)
  5 black bears
  19 ogres
  19 wolves
  21 centaurs
  6 slime creature simulacra (IceCv)
  A necrophage (D:5)
  3 kobold brigands
  8 bullfrogs
  3 glowing shapeshifter simulacra (IceCv)
  2 gnoll sergeants
  An earth elemental (Elf:1)
  12 scorpions
  9 wights
  2 electric eels (Elf:3)
  A howler monkey (D:9)
  2 lava snakes (D:10)
  Crazy Yiuf (D:3)
  7 hounds
  8 jellies
  2 gnoll boudas
  21 orc priests
  3 iguanas
  Ijyb (D:3)
  30 orc wizards
  4 shapeshifter simulacra (IceCv)
  Robin (D:4)
  10 gnolls
  A river rat (D:8)
  12 adders
  2 white imps
  An ufetubus (D:5)
  5 adder zombies (Ossuary)
  2 worms
  5 dart slugs
  94 orcs
  15 ball pythons
  11 endoplasms
  5 giant cockroaches
  24 goblins
  11 hobgoblins
  A hobgoblin (shapeshifter) (Gauntlet)
  4 jackals
  3 quokkas
  8 bats
  8 frilled lizards
  A hobgoblin skeleton (Ossuary)
  24 kobolds
  2 kobold zombies (Ossuary)
  An orc skeleton (Ossuary)
  8 rats
  A bush (D:2)
  A butterfly (D:8)
1000 creatures vanquished.

Vanquished Creatures (others)
  A wizard (D:9)
  2 water elementals
  5 humans (D:12)
  An orc wizard (D:8)
  An orc (Orc:1)
  A frilled lizard (D:3)
  58 fungi
  64 plants
  3 withered plants (D:14)
136 creatures vanquished.

Grand Total: 1136 creatures vanquished

Notes
Turn   | Place    | Note
-------+----------+-------------------------------------------
     0 | D:1      | Lobster4 the Troll Monk began the quest for the Orb.
     0 | D:1      | Reached XP level 1. HP: 22/22 MP: 0/0
   119 | D:1      | Reached XP level 2. HP: 25/29 MP: 1/1
   256 | D:1      | Found a faded altar of an unknown god.
   393 | D:1      | Reached XP level 3. HP: 36/36 MP: 2/2
   689 | D:2      | Reached skill level 1 in Armour
   727 | D:2      | Found Teiro's Antique Armour Shoppe.
   791 | D:2      | Reached XP level 4. HP: 44/44 MP: 3/3
  1290 | D:3      | Found a runed translucent door.
  1291 | D:3      | Noticed Crazy Yiuf
  1428 | D:3      | Noticed Ijyb
  1441 | D:3      | Killed Ijyb
  1451 | D:3      | Found a burning altar of Makhleb.
  1451 | D:3      | Noticed a blizzard demon
  1514 | D:3      | Found a shimmering altar of Xom.
  1554 | D:3      | Noticed Pargi
  1566 | D:3      | Killed Pargi
  1567 | D:3      | Reached skill level 1 in Throwing
  1567 | D:3      | Reached XP level 5. HP: 53/53 MP: 4/4
  1642 | D:3      | Reached skill level 4 in Unarmed Combat
  1912 | D:3      | Reached XP level 6. HP: 58/61 MP: 5/5
  2224 | D:3      | Killed Crazy Yiuf
  2300 | D:4      | Noticed a water moccasin
  2306 | D:3      | Reached skill level 1 in Evocations
  2344 | D:4      | Noticed Robin
  2350 | D:4      | Killed Robin
  2488 | D:4      | Found a sparkling altar of Nemelex Xobeh.
  2497 | D:4      | Reached XP level 7. HP: 64/68 MP: 6/6
  2733 | D:4      | Found a sand-covered staircase.
  2743 | Ossuary  | Entered an ossuary
  2840 | Ossuary  | Noticed a wraith
  2840 | Ossuary  | Noticed a flying skull
  2847 | Ossuary  | Noticed a flying skull
  2873 | Ossuary  | Noticed a flying skull
  2916 | Ossuary  | Reached skill level 5 in Unarmed Combat
  2916 | Ossuary  | Reached XP level 8. HP: 37/77 MP: 7/7
  3181 | D:4      | Found a snail-covered altar of Cheibriados.
  3381 | D:2      | Bought a colourful robe for 148 gold pieces
  3381 | D:2      | Identified the +1 robe of Hinon {Dex+2} (You bought it in a
                  | shop on level 2 of the Dungeon)
  3438 | D:5      | Entered Level 5 of the Dungeon
  3485 | D:5      | Found Daarph's Antique Weapon Boutique.
  3555 | D:5      | Found a staircase to the Ecumenical Temple.
  3565 | Temple   | Entered the Ecumenical Temple
  3707 | D:5      | Identified a scroll of acquirement
  3707 | D:5      | Acquired a manual of Unarmed Combat
  3734 | D:5      | Found Moorph's Assorted Antiques.
  3734 | D:5      | Found Nuogufas's Magic Scroll Shop.
  3738 | D:5      | Bought a scroll of blinking for 90 gold pieces
  3759 | D:5      | Found Vieteoda's Armour Shop.
  3835 | D:5      | Found a stormy altar of Qazlal.
  3848 | D:5      | Reached skill level 1 in Maces & Flails
  3848 | D:5      | Reached skill level 6 in Unarmed Combat
  3936 | D:5      | Reached XP level 9. HP: 78/87 MP: 8/8
  3990 | D:5      | Noticed Sigmund
  3997 | D:5      | Killed Sigmund
  3998 | D:5      | Reached skill level 7 in Unarmed Combat
  4063 | D:5      | Found a sacrificial altar of Ru.
  4213 | D:6      | Reached skill level 5 in Fighting
  4354 | D:6      | Found Xiawurr's Magic Scroll Shop.
  4402 | D:6      | Reached skill level 5 in Dodging
  4409 | D:6      | Reached skill level 8 in Unarmed Combat
  4649 | D:6      | Found a broken altar of Ashenzari.
  5116 | D:7      | Learned a level 1 spell: Sandblast
  5356 | D:7      | Found an ancient bone altar of Kikubaaqudgha.
  5378 | D:7      | Acquired 874 gold pieces
  5443 | D:5      | Bought a +1 hat for 154 gold pieces
  5562 | D:7      | Found a hazy altar of Hepliaklqana.
  5814 | D:8      | Noticed a death yak
  5841 | D:8      | Killed a death yak
  5842 | D:8      | Reached skill level 9 in Unarmed Combat
  5842 | D:8      | Reached skill level 1 in Earth Magic
  5872 | D:8      | Noticed a death yak
  5875 | D:8      | Noticed a death yak
  5903 | D:7      | Killed a death yak
  5904 | D:7      | Reached skill level 1 in Spellcasting
  5904 | D:7      | Reached XP level 10. HP: 77/97 MP: 10/10
  5933 | D:8      | Killed a death yak
  6005 | D:8      | Found a staircase to the Lair.
  6015 | D:8      | Reached skill level 10 in Unarmed Combat
  6184 | D:8      | Identified the +8 trident of Batsoir {protect, Int-3 Dex+7
                  | Stlth-}
  6305 | D:8      | Found a runed translucent door.
  6307 | D:8      | Found a runed translucent door.
  6657 | D:9      | Found a hide-covered altar of Uskayaw.
  6751 | D:8      | Reached skill level 5 in Armour
  6995 | D:9      | Reached skill level 11 in Unarmed Combat
  7004 | D:9      | Paralysed by a hornet for 2 turns
  7228 | D:9      | Found a blossoming altar of Fedhas.
  7424 | D:9      | Reached XP level 11. HP: 65/105 MP: 13/13
  7477 | D:9      | Found an ornate altar of the Wu Jian Council.
  7478 | D:9      | Noticed a two-headed ogre
  7518 | D:9      | Killed a two-headed ogre
  7522 | D:9      | Became a worshipper of the Wu Jian Council
  7522 | D:9      | Reached * piety under Wu Jian
  7522 | D:9      | Reached ** piety under Wu Jian
  7616 | D:9      | Found an iron altar of Okawaru.
  7751 | D:9      | Found a bloodstained altar of Trog.
  7752 | D:9      | Noticed a wizard
  7757 | D:9      | Killed a wizard
  7868 | D:10     | Entered Level 10 of the Dungeon
  7889 | D:10     | Noticed Maurice
  7899 | D:10     | Killed Maurice
  7931 | D:10     | Found a flagged portal.
  7943 | Bailey   | Entered a bailey
  7960 | Bailey   | Reached skill level 12 in Unarmed Combat
  8142 | Bailey   | Noticed a two-headed ogre
  8178 | Bailey   | Killed a two-headed ogre
  8179 | Bailey   | Reached skill level 5 in Maces & Flails
  8449 | D:10     | Noticed Lodul
  8478 | D:9      | Reached skill level 13 in Unarmed Combat
  8559 | D:6      | Bought a scroll of identify for 30 gold pieces
  8560 | D:6      | Bought a scroll of identify for 30 gold pieces
  8699 | D:10     | Killed Lodul
  9018 | D:10     | Found a staircase to the Orcish Mines.
  9018 | D:10     | Noticed an orc knight
  9032 | D:10     | Identified the +1 flail of the Kissing Firefly {freeze,
                  | *Rage rF+ rC+ Int+4}
  9086 | D:10     | Killed an orc knight
  9200 | D:10     | Reached *** piety under Wu Jian
  9356 | D:10     | Noticed Erica
  9366 | D:10     | Killed Erica
  9536 | Orc:1    | Entered Level 1 of the Orcish Mines
  9563 | Orc:1    | Noticed a deep elf zephyrmancer
  9563 | Orc:1    | Noticed a deep elf pyromancer
  9563 | Orc:1    | Noticed a deep elf knight
  9648 | Lair:1   | Entered Level 1 of the Lair of Beasts
  9882 | Lair:1   | Reached XP level 12. HP: 81/118 MP: 9/14
 10036 | Lair:1   | Noticed NinjaNoafa's ghost (journeyman DjCj)
 10038 | Lair:1   | Found a runed translucent door.
 10050 | Lair:1   | Noticed a catoblepas
 10070 | Lair:1   | Killed a catoblepas
 10903 | Lair:2   | Reached skill level 14 in Unarmed Combat
 11442 | Lair:3   | Noticed Fannar
 11483 | Lair:3   | Killed Fannar
 11586 | Lair:3   | Reached **** piety under Wu Jian
 11732 | Lair:3   | Noticed a catoblepas
 11774 | Lair:3   | Identified the +0 chain mail "Fooxka" {rN+++ Str-5 Int-5
                  | Slay+6}
 12041 | Lair:3   | Reached XP level 13. HP: 125/127 MP: 14/16
 12104 | Lair:3   | Found a hole to the Spider Nest.
 12505 | Lair:3   | Reached ***** piety under Wu Jian
 12916 | Lair:4   | Reached skill level 15 in Unarmed Combat
 13123 | Lair:4   | Found a staircase to the Slime Pits.
 13123 | Lair:4   | Noticed Rupert
 13785 | Orc:1    | Noticed an orc warlord
 13824 | Orc:1    | Killed an orc warlord
 13978 | Orc:2    | Entered Level 2 of the Orcish Mines
 14363 | Orc:2    | Noticed an orc warlord
 14442 | Orc:1    | Killed an orc warlord
 14503 | Orc:2    | Paralysed by an orc sorcerer for 5 turns
 14939 | Orc:2    | Gained mutation: You are vulnerable to heat. (rF-) [a
                  | neqoxec]
 14941 | Orc:2    | Reached XP level 14. HP: 134/137 MP: 19/19
 14954 | Orc:2    | Reached ****** piety under Wu Jian
 15179 | Orc:2    | Found a staircase to the Elven Halls.
 15300 | Orc:2    | Found Efaegav's Antique Armour Boutique.
 15301 | Orc:2    | Found Qoneim Ynao's Antique Weapon Boutique.
 15303 | Orc:2    | Found Ogytuuxo's General Store.
 15303 | Orc:2    | Found Beggiomi's Jewellery Shop.
 15464 | Orc:1    | Noticed an orc warlord
 15483 | Orc:1    | Killed an orc warlord
 15484 | Orc:1    | Reached skill level 5 in Earth Magic
 15988 | Lair:4   | Killed Rupert
 16160 | Lair:4   | Reached skill level 16 in Unarmed Combat
 16557 | Lair:5   | Entered Level 5 of the Lair of Beasts
 18880 | D:11     | Noticed Josephine
 18880 | D:11     | Noticed Harold
 18886 | D:11     | Killed Josephine
 18899 | D:11     | Killed Harold
 19218 | D:12     | Noticed Kirke
 19220 | D:12     | Reached XP level 15. HP: 145/146 MP: 20/20
 19241 | D:12     | Killed Kirke
 19616 | D:12     | Noticed Nessos
 19620 | D:12     | Killed Nessos
 19682 | D:12     | Reached skill level 17 in Unarmed Combat
 19891 | D:12     | Reached XP level 16. HP: 158/158 MP: 21/21
 19911 | D:12     | Identified the +1 scale mail of the Flying Gods {Harm rC+}
 20022 | D:12     | Acquired a manual of Dodging
 20369 | D:13     | Reached skill level 10 in Dodging
 20372 | D:13     | Found a frozen archway.
 20415 | IceCv    | Entered an ice cave
 20721 | IceCv    | Reached skill level 10 in Fighting
 21109 | IceCv    | Found a viscous altar of Jiyva.
 21305 | IceCv    | Got the ring "Taeqic" {Ice Int+4}
 22087 | D:13     | Found a portal to a secret trove of treasure.
 22364 | D:6      | Bought a scroll of enchant armour for 112 gold pieces
 22402 | D:5      | Bought a scroll of enchant armour for 255 gold pieces
 22698 | D:13     | You paid a toll of +5 ice dragon scales to enter a treasure
                  | trove
 22699 | Trove    | Entered a treasure trove
 22709 | Trove    | Identified the amulet "Roareex" {Faith Will+ Slay+2}
 22716 | Trove    | Identified the ring "Wasel" {Drain Fly rPois rF+ rC+ Int+6}
 22718 | Trove    | Identified the ring "Hiwetefumm" {rElec rF+ Slay+4}
 22720 | Trove    | Identified the amulet "Qapi" {RegenMP Drain +Inv rN+ Dex+2}
 22723 | Trove    | Identified the ring of Happiness {Str+5 Int+6}
 22822 | D:13     | Learned a level 3 spell: Stone Arrow
 23151 | D:14     | Found an ancient bone altar of Kikubaaqudgha.
 23221 | D:14     | Found Kula's Book Emporium.
 23478 | D:14     | Found a gate to the Vaults.
 23605 | D:15     | Entered Level 15 of the Dungeon
 23641 | D:14     | Reached skill level 1 in Conjurations
 23864 | D:15     | Reached skill level 18 in Unarmed Combat
 23915 | D:15     | Found a runed translucent door.
 23917 | D:15     | Found a shimmering altar of Xom.
 23917 | D:15     | Noticed Cyetsa's ghost (adept FoFi)
 23917 | D:15     | Found the +27 heavy crossbow "Sniper" {heavy, Acc+∞ SInv}
 23926 | D:15     | Found a gate leading to a gauntlet.
 23931 | Gauntlet | Entered a Gauntlet
 23931 | Gauntlet | Found a transporter.
 23931 | Gauntlet | Found a large runed translucent door.
 23931 | Gauntlet | Found a large runed translucent door.
 23931 | Gauntlet | Found a large runed translucent door.
 23931 | Gauntlet | Found a large runed translucent door.
 23931 | Gauntlet | Found a runed translucent door.
 23931 | Gauntlet | Found a runed translucent door.
 23931 | Gauntlet | Found a large runed translucent door.
 23931 | Gauntlet | Found a large runed translucent door.
 23931 | Gauntlet | Found a large runed translucent door.
 23931 | Gauntlet | Found a large runed translucent door.
 23931 | Gauntlet | Found a large runed translucent door.
 23931 | Gauntlet | Found a large runed translucent door.
 23932 | Gauntlet | Found a large runed translucent door.
 23932 | Gauntlet | Found a large runed translucent door.
 23941 | Gauntlet | Found a transporter.
 23956 | Gauntlet | Found a transporter.
 23961 | Gauntlet | Found a transporter.
 23976 | Gauntlet | Found a transporter.
 23995 | Gauntlet | Found a transporter.
 24007 | Gauntlet | Found a transporter.
 24019 | Gauntlet | Found a transporter.
 24031 | Gauntlet | Found a transporter.
 24043 | Gauntlet | Found a transporter.
 24049 | Gauntlet | Found a transporter.
 24049 | Gauntlet | Found a transporter.
 24088 | Gauntlet | Found a transporter.
 24106 | Gauntlet | Found a large runed translucent door.
 24107 | Gauntlet | Found a large runed translucent door.
 24111 | Gauntlet | Found a runed translucent gate.
 24111 | Gauntlet | Found a runed translucent gate.
 24111 | Gauntlet | Found a runed translucent gate.
 24113 | Gauntlet | Found a transporter.
 24115 | Gauntlet | Found a transporter.
 24121 | Gauntlet | Found a large runed translucent door.
 24122 | Gauntlet | Found a large runed translucent door.
 24135 | Gauntlet | Found a transporter.
 24213 | Gauntlet | Found a transporter.
 24233 | Gauntlet | Found a transporter.
 24355 | Gauntlet | Identified the +2 cloak "Timauss" {rF++ Will+++ Str-3 SInv}
 24410 | Gauntlet | Got the Almanac of Angles and Degeneration
 24430 | Gauntlet | Identified the amulet "Qillanke" {Regen+ Str+5}
 24500 | Gauntlet | Identified the +0 leather armour of Soiw {rPois Regen+
                  | Str+9}
 24603 | D:15     | Identified the +0 pair of gloves of Mianagel {rElec}
 24752 | D:15     | Reached XP level 17. HP: 159/167 MP: 22/22
 24806 | D:15     | Found a staircase to the Depths.
 25216 | Elf:1    | Entered Level 1 of the Elven Halls
 25240 | Elf:1    | Reached skill level 1 in Shields
 25432 | Elf:1    | Reached skill level 10 in Maces & Flails
 25542 | Elf:1    | Paralysed by an air elemental for 1 turns
 25697 | Elf:1    | Noticed a Brimstone Fiend
 25757 | Elf:1    | Noticed Yritoa's ghost (journeyman MiBe)
 25772 | Elf:1    | Found a runed translucent door.
 25936 | Elf:1    | Paralysed by an air elemental for 1 turns
 25970 | Elf:1    | Identified the +3 flail "Soyluicw" {flame, rElec Int+3
                  | Dex+3 SInv}
 26063 | Elf:1    | Reached skill level 10 in Armour
 26261 | Elf:1    | Got the Incunable of Production
 26522 | Elf:1    | Killed Yritoa's ghost
 26531 | Elf:1    | Got the Compendium of Topography
 26748 | Elf:2    | Paralysed by an air elemental for 1 turns
 26972 | Elf:2    | Found a runed translucent gate.
 26973 | Elf:2    | Found a runed translucent gate.
 26973 | Elf:2    | Found a runed translucent gate.
 27039 | Elf:2    | Found Hasidaiqo's Armour Shop.
 27501 | Elf:2    | Found Mimocu's Weapon Shop.
 27737 | Elf:3    | Entered Level 3 of the Elven Halls
 27858 | Elf:3    | Paralysed by an air elemental for 1 turns
 27864 | Elf:3    | Reached XP level 18. HP: 172/179 MP: 23/23
 27955 | Elf:3    | Reached skill level 19 in Unarmed Combat
 28956 | Elf:3    | Identified the ring of Esucicoi {*Corrode rF+ rC+++ Dex+4
                  | Stlth-}
 28966 | Elf:3    | Identified the +4 long sword of the Ghost {drain, rF+++ rC+
                  | Str+2 Int-3}
 29194 | Elf:3    | Identified the ring "Gexzy" {Drain Will+ Str+2 Dex+6}
 29335 | Elf:3    | Identified the ring "Zianojei" {rCorr EV+5 Str+2 Dex+2}
 29377 | Elf:3    | Killed from afar by a deep elf death mage

Illustrated notes

Levels and vault maps discovered:
D:1:      ncdulo_smallfort, layout_rooms,
          hellmonk_ecumenical_altar_pennies_from_heaven
D:2:      layout_loops_ring, serial_shops, nicolae_diamond_shop, serial_forest,
          infiniplex_forest_end_2, infiniplex_forest_zigzag_1,
          infiniplex_forest_clump_small, infiniplex_forest_end_double,
          infiniplex_forest_join, infiniplex_forest_zigzag_2
D:3:      layout_basic, makhleb_altar_promises_db, xom_confusion_cloud,
          minmay_joined_circles, uniq_ijyb, uniq_pargi, uniq_crazy_yiuf_cottage
D:4:      wander_river, layout_basic, mainiacjoe_overflow_surrounded_room,
          kennysheep_slug_shrine, nicolae_ossuary_entry_ruins,
          minmay_liquid_box, uniq_robin
D:5:      layout_cave_pools, nicolae_ru_path_of_blood,
          minmay_temple_entry_overgrown, serial_shops, nicolae_shop_statue_plus,
          nicolae_shop_stone, shop_scrolls, nicolae_shop_stone, st_stairs_2,
          minmay_ruined_shrine, uniq_sigmund
D:6:      layout_basic, nicolae_ashenzari_skybound, serial_shops, shop
D:7:      layout_cave_pools, mainiacjoe_overflow_six_doors_small,
          mainiacjoe_overflow_tiny_flanked
D:8:      lemuel_insect_pit, layout_gridville, dpeg_lair_monsters,
          kennysheep_generic_room_10
D:9:      layout_cross, fedhas_ov_isle_minmay, kennysheep_okawaru_gauntlet,
          trog_wizard, mainiacjoe_overflow_concentric_impassable,
          mainiacjoe_overflow_cross_hatched, minmay_bent
D:10:     layout_long_grid, david_orc_5, enter_bailey_8, kennysheep_minor_cross,
          uniq_maurice, uniq_erica, uniq_lodul
D:11:     layout_roguey, uniq_josephine, uniq_harold
D:12:     layout_basic, dreamdust_wishing_well, minivault_28, uniq_kirke,
          uniq_nessos
D:13:     layout_roguey, trove_entry_hex_spiral, portal_ice_cave_demonic_guard,
          minivault_26
D:14:     layout_loops_ring, david_vaults_4, serial_shops, shop,
          kiku_gazebo_garden_becter
D:15:     grunt_enter_depths_giant_problem, layout_rooms,
          gauntlet_entry_generic, ebering_ghost_xom, chequers_jeans,
          grunt_decor_resistance
Temple:   nicolae_temple_cloud_nine
Lair:1:   layout_cellular_growth, hellmonk_ghost_happy_afterlife,
          amcnicky_mini_pool_medium
Lair:2:   layout_cave_pods, nicolae_shoals_entry_flooding
Lair:3:   layout_cave_pods, spider_nest_entry_rubble,
          nicolae_quartered_pool_impasse, serial_bayou_shore_b, uniq_fannar
Lair:4:   layout_cave_pods, nicolae_slime_entry_field_trip, uniq_rupert
Lair:5:   hangedman_lair_tendril_chambers, layout_cave_pods,
          infiniplex_staircase_pool_2
Orc:1:    layout_diamond_mine, basic_altar, elf_legates
Orc:2:    st_orc_congregation, layout_diamond_mine, basic_altar
Elf:1:    eino_elf_arrival_sip, layout_loops_ring, hellmonk_ghost_big_iron,
          minmay_elf_demonology
Elf:2:    nicolae_elf_blades_splatter_lattice
          [nicolae_blade_entry_area_security], layout_rooms, serial_shops,
          nicolae_shop_statue_plus, shop
Elf:3:    grunt_elf_hall_branching, layout_geoelf_castle, grunt_ministairs_8

Skill      XL: |  1  2  3  4  5  6  7  8  9 10 11 12 13 14 15 16 17 18 |
---------------+-------------------------------------------------------+-----
Armour         | 1 2 3 4 5 6 7 8 9 10 | 10.7
Fighting       | 3 4 5 6 7 8 9 10 11 | 11.3
Dodging        | 3 4 5 6 7 8 9 10 11 12 | 12.4
Throwing       | 1 2 3 |  3.0
Unarmed Combat | 4 5 6 9 11 13 14 15 16 17 18 19 | 19.4
Evocations     | 1 2 3 |  3.0
Maces & Flails | 1 3 4 5 6 7 8 9 10 11 | 11.0
Earth Magic    | 1 2 4 6 7 8 9 |  9.0
Spellcasting   | 1 2 3 4 |  4.0
Conjurations   | 1 3 |  3.0
Shields        | 3 4 |  4.7
Stealth        | |  1.0

Action                     |  1- 3 |  4- 6 |  7- 9 | 10-12 | 13-15 | 16-18 || total
---------------------------+-------+-------+-------+-------+-------+-------++-------
  Melee: Unarmed           |    93 |   224 |   256 |   507 |  1034 |   994 ||  3108
         Punch             |     1 |     3 |    11 |    49 |    99 |    97 ||   260
         Staff             |       |       |       |    52 |       |       ||    52
         Dire flail        |       |       |       |       |    41 |     9 ||    50
   Fire: Sling             |       |       |       |     5 |       |       ||     5
  Throw: Dart              |       |     2 |    21 |   101 |    12 |     5 ||   141
         Boomerang         |       |       |       |    15 |       |    21 ||    36
         Throwing net      |       |       |       |     5 |       |       ||     5
         Javelin           |       |       |       |     2 |     2 |     3 ||     7
         Large rock        |       |       |       |       |     1 |     7 ||     8
   Cast: Sandblast         |       |       |       |       |     4 |       ||     4
 Invoke: Serpent's Lash    |       |       |       |       |     1 |       ||     1
Ability: Lunge             |       |       |       |    32 |    58 |    79 ||   169
         Whirlwind         |       |       |       |    17 |   147 |    62 ||   226
         Wall Jump         |       |       |       |     1 |       |       ||     1
  Evoke: Wand              |       |     3 |       |     5 |    10 |     6 ||    24
    Use: Scroll            |     3 |    11 |    11 |     9 |     7 |     9 ||    50
         Potion            |       |       |       |     3 |     4 |     2 ||     9
   Stab: Sleeping          |     1 |     4 |     5 |       |       |     1 ||    11
         Distracted        |       |       |       |       |       |     2 ||     2
         Invisible         |       |       |       |       |       |     1 ||     1
 Armour: Robe              |    29 |    48 |    51 |    45 |       |    23 ||   196
         Steam dragon scal |       |       |     2 |     5 |       |       ||     7
         Quicksilver drago |       |       |       |   134 |   369 |   166 ||   669
         Skin              |       |       |       |       |     2 |       ||     2
         Shadow dragon sca |       |       |       |       |       |   190 ||   190
  Dodge: Dodged            |    51 |    87 |   139 |   444 |   730 |   382 ||  1833
  Block: Other             |       |       |       |       |       |   119 ||   119
         Reflection        |       |       |       |       |       |    20 ||    20

Table legend: (Time is in decaauts)
 A = Elapsed time spent in this place.
 B = Non-inter-level travel time spent in this place.
 C = Inter-level travel time spent in this place.
 D = Time resting spent in this place.
 E = Time spent auto-exploring this place.
 F = Levels seen in this place.
 G = Mean time per level.
                   A        B        C        D        E       F      G
               +--------+--------+--------+--------+--------+-----+--------+
         Total |  28795 |  25697 |   3098 |   2479 |  14987 |  31 |  928.9 |
       Dungeon |  14127 |  12090 |   2037 |    886 |   7507 |  15 |  941.8 |
        Temple |     48 |     48 |      0 |      0 |     38 |   1 |   48.0 |
          Lair |   6133 |   5527 |    606 |    175 |   4274 |   5 | 1226.6 |
  Orcish Mines |   2428 |   2072 |    356 |    320 |   1012 |   2 | 1214.0 |
   Elven Halls |   3840 |   3742 |     98 |    668 |   1471 |   3 | 1280.0 |
         Trove |     34 |     34 |      0 |      0 |      1 |   1 |   34.0 |
       Ossuary |    298 |    298 |      0 |      0 |    180 |   1 |  298.0 |
        Bailey |    363 |    363 |      0 |      2 |     57 |   1 |  363.0 |
      Ice Cave |    929 |    929 |      0 |    422 |    149 |   1 |  929.0 |
      Gauntlet |    589 |    589 |      0 |      6 |    298 |   1 |  589.0 |
               +--------+--------+--------+--------+--------+-----+--------+

Top non-repeatable levels by time:
  Lair:3: 1604 daAuts
   Elf:3: 1585 daAuts
     D:8: 1552 daAuts
   Orc:2: 1389 daAuts
  Lair:5: 1359 daAuts
   Elf:1: 1292 daAuts
    D:13: 1289 daAuts
    D:10: 1256 daAuts
  Lair:4: 1115 daAuts
     D:3: 1106 daAuts
   Orc:1: 1039 daAuts
  Lair:2: 1032 daAuts
    D:11: 1024 daAuts
  Lair:1: 1022 daAuts
     D:6: 998 daAuts
